 Dungeon Crawl Stone Soup version 0.28-a0-429-g1448048969 (webtiles) character file.

Game seed: 4274792150040557291

98 siradein the Skirmisher (level 4, -1/52 HPs)
             Began as an Ogre Berserker on Sept 10, 2021.
             Was a Believer of Trog.
             Killed from afar by Terence (5 damage)
             ... with a puff of flame
             ... on level 2 of the Dungeon.
             The game lasted 00:03:05 (1944 turns).

siradein the Skirmisher (Ogre Berserker)            Turns: 1944, Time: 00:03:06

Health: -1/52      AC:  3    Str: 22    XL:     4   Next: 71%
Magic:  4/4        EV: 10    Int:  8    God:    Trog [**....]
Gold:   146        SH:  0    Dex:  8    Spells: 3/3 levels left

rFire   . . .      SeeInvis .   a - +0 mace
rCold   . . .      Faith    .   (no shield)
rNeg    . . .      Spirit   .   b - +0 animal skin
rPois   .          Reflect  .   (helmet restricted)
rElec   .          Harm     .   (no cloak)
rCorr   .          Rampage  .   (gloves unavailable)
Will    .....                   (boots unavailable)
Stlth   +.........              (no amulet)
HPRegen 0.17/turn               (no ring)
MPRegen 0.09/turn               (no ring)

@: on berserk cooldown, slowed, very slow
A: large, unfitting armour, tough skin 1
a: Renounce Religion, Berserk, Trog's Hand


You were on level 2 of the Dungeon.
You worshipped Trog.
Trog was pleased with you.
You visited 1 branch of the dungeon, and saw 2 of its levels.

You collected 146 gold pieces.

Inventory:

Hand Weapons
 a - a +0 mace (weapon)
Missiles
 g - 2 silver javelins (quivered)
Armour
 b - a +0 animal skin (worn)
Jewellery
 j - a +6 ring of intelligence
Wands
 k - a wand of flame (17)
Scrolls
 c - 4 scrolls of teleportation {unknown}
 d - a scroll of torment {unknown}
 e - a scroll of brand weapon {unknown}
 f - a scroll of enchant weapon {unknown}
 h - a scroll of identify {unknown}
 i - a scroll of immolation {unknown}


   Skills:
 + Level 5.7 Fighting
 + Level 3.9 Maces & Flails
 - Level 2.6 Dodging


You had 3 spell levels left.
You didn't know any spells.
Your spell library was empty.

Dungeon Overview and Level Annotations

Branches:
Dungeon (2/15)

Altars:

Shops:
D:2 (

Annotations:
D:2 Terence


Innate Abilities, Weirdness & Mutations

You are too large for most types of armour.
You have tough skin. (AC +1)


Message History

You are too injured to fight recklessly!
You are too injured to fight recklessly!
You are too injured to fight recklessly!
You are too injured to fight recklessly!
Your skin crawls.
You feel strong-willed. Terence barely misses you.
Terence hits you with a +0 flail.
You hit Terence.
Terence is heavily wounded.
Terence hits you with a +0 flail!
You hit Terence but do no damage.
Terence is heavily wounded.
Terence completely misses you. Terence closely misses you.
You hit Terence but do no damage.
Terence is heavily wounded.
Terence zaps a wand.
The puff of flame hits you.
* * * LOW HITPOINT WARNING * * *
Terence hits you with a +0 flail!
* * * LOW HITPOINT WARNING * * *
You barely miss Terence.
Terence is heavily wounded.
You feel the effects of Trog's Hand fading.
Terence barely misses you.
Terence zaps a wand.
The puff of flame misses you.
You hit Terence.
Terence is severely wounded.
Terence barely misses you.
Terence zaps a wand.
The puff of flame hits you.
* * * LOW HITPOINT WARNING * * *
You hit Terence.
Terence is severely wounded.
Your skin stops crawling.
You feel less strong-willed. Terence hits you with a +0 flail.
* * * LOW HITPOINT WARNING * * *
You closely miss Terence.
Terence is severely wounded.
Terence misses you. Terence hits you with a +0 flail.
* * * LOW HITPOINT WARNING * * *
You hit Terence but do no damage.
Terence is severely wounded.
Terence barely misses you.
Terence zaps a wand.
The puff of flame hits you.
You die...

### # ##.############
....######...#.........#
#...S@@...............#
....######...#.####....#
. ##.##.####.#.##
#.##......#.# #.
#.#########.# #.# ##'##
#.# #.# ##...## #.#
##.#### ##....)## #.#
#.....# #.......## ##.##


You could see Terence and an adder.

Vanquished Creatures
  Natasha (twice) (D:2)
  An adder (D:2)
  A dart slug (D:1)
  5 ball pythons
  3 bats (D:2)
  4 endoplasms
  2 giant cockroaches (D:2)
  2 goblins
  5 hobgoblins
  3 jackals (D:1)
  A quokka (D:2)
  A frilled lizard (D:2)
  5 kobolds
  A rat (D:1)
36 creatures vanquished.

Notes
Turn   | Place    | Note
-------+----------+-------------------------------------------
     0 | D:1      | siradein the Ogre Berserker began the quest for the Orb.
     0 | D:1      | Reached XP level 1. HP: 24/24 MP: 1/1
   163 | D:1      | Reached XP level 2. HP: 30/33 MP: 2/2
   703 | D:2      | Found Hotaedoa's Antique Weapon Emporium.
   765 | D:2      | Reached XP level 3. HP: 40/41 MP: 3/3
   804 | D:2      | Reached ** piety under Trog
   832 | D:2      | Reached skill level 5 in Fighting
  1406 | D:2      | Noticed Natasha
  1417 | D:2      | Killed Natasha
  1418 | D:2      | Reached XP level 4. HP: 50/50 MP: 4/4
  1772 | D:2      | Noticed Natasha
  1928 | D:2      | Noticed Terence
  1933 | D:2      | Killed Natasha
  1944 | D:2      | Killed from afar by Terence

Illustrated notes

Levels and vault maps discovered:
D:1:      nzn_arrival_settlement, layout_rooms
D:2:      layout_loops_corners, serial_shops, shop, uniq_natasha, uniq_terence

Skill      XL: |  1  2  3 |
---------------+----------+-----
Maces & Flails | 3 |  3.9
Fighting       | 5 |  5.7
Dodging        | |  2.6

Action                   |  1- 3 |  4- 6 || total
-------------------------+-------+-------++-------
Melee: Mace              |    77 |    33 ||   110
       Unarmed           |     5 |       ||     5
Invok: Berserk           |     2 |     1 ||     3
       Trog's Hand       |       |     1 ||     1
 Stab: Distracted        |     1 |       ||     1
Armor: Animal skin       |    27 |     6 ||    33
Dodge: Dodged            |    43 |    18 ||    61

Table legend: (Time is in decaauts)
 A = Elapsed time spent in this place.
 B = Non-inter-level travel time spent in this place.
 C = Inter-level travel time spent in this place.
 D = Time resting spent in this place.
 E = Time spent auto-exploring this place.
 F = Levels seen in this place.
 G = Mean time per level.
                   A        B        C        D        E       F      G
               +--------+--------+--------+--------+--------+-----+--------+
         Total |   1994 |   1986 |      8 |    350 |   1351 |   2 |  997.0 |
       Dungeon |   1994 |   1986 |      8 |    350 |   1351 |   2 |  997.0 |
               +--------+--------+--------+--------+--------+-----+--------+

Top non-repeatable levels by time:
     D:2: 1353 daAuts
     D:1: 641 daAuts
